Map: Data-C

Players

Cham

  • Race: Zerg Zerg
  • Spawn Location: 3:00

Geralt (Gerald) - Winner!

  • Race: Protoss Protoss
  • League: Master
  • Spawn Location: 9:00

Event: HomeStory Cup XXII

VOD

Have the link to the VOD?

Description

Time

  • Played on: Dec. 15, 2022, 2:30 p.m.
  • Length: 20:30

All games in this series

Show
View Real Time Build Order
Export as new Build Order

Cham Zerg 

Build Orders: Hatch First, Lurkers 

Get SALT Encoding   

  12  0:00  Drone  
  13  0:12  Overlord  
  13  0:17  Drone  
  14  0:31  Drone x2  
  16  0:52  Drone, Hatchery  
  16  0:56  Drone  
  17  0:59  Drone  
  18  1:12  Spawning Pool  
  18  1:15  Extractor  
  18  1:17  Drone  
  17  1:20  Drone  
  18  1:28  Drone  
  19  1:40  Drone  
  20  1:52  Overlord  
  20  2:00  Queen  
  22  2:06  Zergling x2, Drone  
  22  2:07  Queen  
  26  2:14  Drone  
  27  2:15  Drone  
  27  2:16  Metabolic Boost  
  28  2:24  Drone  
  29  2:30  Drone  
  29  2:34  Drone  
  31  2:42  Queen  
  33  2:47  Queen  
  33  2:48  Overlord  
  35  2:58  Drone  
  35  2:59  Overlord  
  35  3:05  Overlord  
  36  3:09  Zergling x2  
  36  3:10  Zergling x2, Drone  
  36  3:12  Drone x2  
  41  3:13  Overlord  
  41  3:17  Drone x2  
  41  3:18  Drone  
  43  3:30  Drone x2  
  45  3:40  Drone x3  
  48  3:42  Drone  
  48  3:45  Lair, Queen  
  51  3:54  Hatchery  
  50  3:57  Drone x3  
  50  4:00  Extractor  
  53  4:02  Drone  
  53  4:03  Drone x2  
  53  4:05  Drone  
  56  4:10  Spore Crawler  
  56  4:11  Overlord  
  56  4:16  Overlord  
  54  4:20  Spore Crawler  
  54  4:22  Spore Crawler  
  52  4:24  Overlord x2  
  52  4:30  Drone x2  
  52  4:31  Drone  
  55  4:32  Drone  
  56  4:47  Overlord  
  56  4:50  Drone x3  
  56  4:51  Overlord  
  59  4:54  Zergling x4  
  59  4:55  Zergling x2, Nydus Network  
  59  4:56  Zergling x2  
  59  4:59  Zergling x2  
  63  5:09  Zergling x4  
  63  5:10  Zergling x2  
  65  5:17  Zergling x8  
  65  5:26  Zergling x4  
  67  5:31  Baneling Nest  
  67  5:32  Zergling x2, Nydus Canal  
  67  5:37  Zergling x8  
  67  5:40  Zergling x4  
  72  5:44  Overlord  
  72  5:51  Overlord x4  
  64  6:03  Nydus Canal  
  60  6:14  Drone x3  
  60  6:17  Baneling x3  
  63  6:18  Baneling  
  63  6:19  Baneling x4  
  63  6:22  Drone  
  63  6:24  Baneling x2  
  61  6:26  Zergling x2  
  61  6:27  Zergling x18  
  61  6:29  Baneling  
  61  6:31  Zergling x2  
  65  6:41  Zergling x2  
  65  6:42  Drone x2  
  65  6:45  Zergling x4  
  68  6:48  Zergling x2  
  68  6:49  Zergling x2  
  68  6:50  Drone  
  68  6:53  Hydralisk Den  
  67  7:03  Drone  
  67  7:05  Drone x5  
  68  7:11  Zergling x4  
  68  7:14  Queen x2  
  71  7:16  Extractor  
  71  7:17  Extractor  
  61  7:30  Grooved Spines  
  61  7:31  Drone x5  
  61  7:32  Drone  
  67  7:37  Drone  
  67  7:41  Hydralisk  
  67  7:42  Drone  
  69  7:44  Hatchery  
  69  7:47  Hydralisk  
  70  7:58  Overlord  
  70  8:00  Hydralisk, Extractor x2  
  70  8:03  Drone x3  
  73  8:08  Drone  
  74  8:14  Drone x2  
  74  8:19  Drone  
  77  8:23  Hydralisk x2  
  80  8:28  Hydralisk x2  
  80  8:30  Drone x5  
  89  8:35  Hydralisk x2, Overlord  
  89  8:37  Overlord  
  89  8:39  Drone  
  89  8:41  Evolution Chamber  
  93  8:42  Muscular Augments, Drone  
  93  8:51  Hydralisk, Drone x2  
  93  9:00  Drone x3  
  95  9:04  Drone x10  
  95  9:06  Zerg Melee Weapons Level 1  
  95  9:08  Hydralisk  
  107  9:13  Drone x2  
  107  9:15  Drone  
  110  9:17  Centrifugal Hooks  
  110  9:20  Drone  
  110  9:22  Overlord  
  110  9:23  Hatchery  
  110  9:28  Hydralisk x3  
  116  9:35  Hydralisk  
  116  9:36  Zergling x2, Hydralisk x2  
  121  9:39  Hydralisk  
  121  9:40  Hydralisk x3  
  121  9:43  Hydralisk  
  121  9:44  Zergling x2  
  130  9:47  Zergling x2, Hydralisk  
  130  9:49  Zergling x2  
  130  9:50  Hydralisk  
  130  9:51  Zergling x2  
  130  9:52  Zergling x2  
  135  9:54  Zergling x2  
  135  9:56  Zergling x2  
  135  10:00  Zergling x2  
  135  10:02  Overlord  
  135  10:04  Overlord x2  
  135  10:05  Overlord  
  136  10:08  Overlord  
  136  10:10  Zergling x8  
  136  10:17  Infestation Pit, Overlord x2  
  135  10:22  Hydralisk x3  
  135  10:28  Hydralisk x3  
  139  10:29  Zergling x2  
  139  10:30  Zergling x4  
  139  10:35  Hydralisk x2  
  144  10:36  Zergling x2  
  144  10:38  Hydralisk  
  144  10:39  Zergling x2  
  148  10:49  Hydralisk x4  
  145  10:50  Zergling x4  
  145  10:55  Drone x4  
  156  10:59  Evolution Chamber  
  156  11:01  Hydralisk x3  
  156  11:02  Zergling x2  
  156  11:03  Zergling x2  
  162  11:12  Hatchery  
  162  11:17  Pneumatized Carapace  
  162  11:18  Hive  
  157  11:22  Drone  
  157  11:23  Zerg Missile Weapons Level 1, Lurker Den  
  157  11:25  Extractor x2  
  155  11:33  Drone  
  155  11:34  Overseer  
  155  11:41  Zergling x4  
  157  11:50  Hatchery  
  157  11:53  Overseer  
  157  11:54  Overseer  
  157  11:56  Overseer  
  157  11:59  Drone x3  
  157  12:00  Spore Crawler, Drone x2, Extractor  
  157  12:01  Extractor, Spine Crawler  
  159  12:02  Drone x3, Spine Crawler  
  160  12:13  Hatchery  
  159  12:29  Hatchery  
  157  12:30  Lurker x2  
  157  12:31  Hatchery  
  157  12:34  Adaptive Talons  
  157  12:35  Lurker x3  
  157  12:36  Lurker x4  
  165  12:37  Drone x5  
  165  12:41  Spine Crawler  
  169  12:47  Lurker  
  170  12:51  Drone  
  170  12:52  Drone x2  
  170  12:53  Drone x3  
  176  13:02  Spore Crawler  
  176  13:03  Hydralisk  
  177  13:06  Overlord  
  177  13:07  Overlord x2  
  177  13:19  Spore Crawler  
  176  13:23  Overlord x2  
  176  13:25  Zerg Missile Weapons Level 2  
  176  13:31  Seismic Spines  
  176  13:32  Hydralisk x5  
  176  13:33  Hydralisk  
  188  13:39  Hydralisk x2  
  192  13:41  Hydralisk  
  192  13:47  Hydralisk x2  
  194  13:52  Nydus Canal  
  194  13:54  Overlord  
  194  13:55  Hydralisk  
  194  13:56  Hydralisk  
  194  13:58  Hydralisk  
  199  14:07  Hydralisk  
  199  14:08  Hydralisk x2  
  194  14:10  Hydralisk x2  
  194  14:13  Overseer  
  194  14:16  Nydus Canal  
  177  14:18  Hydralisk x2  
  177  14:19  Hydralisk  
  177  14:23  Overseer  
  167  14:26  Hydralisk x2  
  165  14:38  Hydralisk x2, Nydus Canal  
  165  14:39  Hydralisk x2  
  171  14:47  Hydralisk x2  
  171  14:48  Hydralisk  
  167  14:55  Nydus Canal  
  167  15:03  Drone x4  
  171  15:09  Hydralisk x2  
  171  15:12  Lurker  
  171  15:13  Lurker x2  
  164  15:18  Hatchery  
  164  15:20  Lurker  
  164  15:23  Drone x5  
  164  15:25  Hydralisk  
  164  15:26  Hydralisk, Spine Crawler  
  172  15:29  Spore Crawler  
  171  15:39  Spore Crawler  
  171  15:41  Zerg Ground Armor Level 1, Spine Crawler  
  158  15:48  Hydralisk x5  
  150  15:53  Hydralisk x2  
  150  15:55  Spine Crawler  
  150  15:56  Spine Crawler  
  152  16:03  Viper x2  
  152  16:04  Viper x2  
  164  16:11  Hydralisk x3  
  170  16:20  Spine Crawler  
  170  16:25  Hydralisk x6  
  171  16:31  Hydralisk x2  
  171  16:32  Hydralisk  
  183  16:47  Hydralisk  
  183  16:48  Hydralisk x7  
  196  16:57  Hydralisk x2  
  200  17:03  Spore Crawler, Spine Crawler  
  200  17:04  Drone x2  
  200  17:05  Spine Crawler  
  199  17:12  Overseer  
  199  17:13  Overseer x2  
  169  17:31  Spire  
  169  17:34  Hydralisk  
  169  17:35  Hydralisk x10  
  169  17:50  Hydralisk x7  
  153  17:58  Nydus Canal  
  149  18:02  Hydralisk x6  
  161  18:09  Zerg Ground Armor Level 2  
  161  18:19  Nydus Canal  
  161  18:24  Hydralisk x8  
  177  18:28  Hydralisk  
  141  18:51  Hydralisk x13  
  142  18:56  Hydralisk x2  
  142  18:57  Hydralisk  
  148  19:06  Hydralisk x3  
  148  19:07  Hydralisk x2  
  156  19:11  Hydralisk x2  
  156  19:13  Hydralisk  
  141  19:18  Hydralisk x2  
  141  19:21  Hydralisk x2  
  142  19:26  Lurker  
  142  19:29  Hydralisk x3  
  142  19:30  Zergling x4  
  147  19:33  Hydralisk  
  147  19:36  Hydralisk  
  141  19:41  Hydralisk x2  
  114  19:54  Hydralisk x2  
  114  19:57  Hydralisk x3  
  102  20:00  Hydralisk  
  102  20:05  Hydralisk  
Show
View Real Time Build Order
Export as new Build Order

Geralt Protoss - Winner!

Build Orders: 1 Gate Expand, Oracle Opening 

Get SALT Encoding   

  12  0:00  Probe  
  13  0:12  Probe  
  14  0:19  Pylon  
  14  0:24  Probe (Chrono Boost)  
  15  0:38  Probe (Chrono Boost)  
  15  0:40  Gateway  
  16  0:45  Probe (Chrono Boost)  
  17  0:51  Assimilator  
  17  0:52  Probe  
  18  1:04  Probe  
  19  1:16  Probe  
  20  1:26  Nexus  
  20  1:30  Probe  
  21  1:40  Cybernetics Core  
  21  1:43  Probe  
  22  1:51  Assimilator  
  22  1:54  Pylon  
  22  1:55  Probe  
  23  2:12  Probe  
  23  2:15  Adept (Chrono Boost)  
  26  2:25  Probe, Stargate  
  27  2:36  Warp Gate  
  27  2:37  Adept (Chrono Boost), Probe  
  28  2:42  Probe  
  28  2:43  Pylon  
  30  2:54  Probe  
  32  2:59  Adept  
  32  3:02  Gateway  
  34  3:06  Probe  
  34  3:11  Probe  
  39  3:20  Void Ray (Chrono Boost)  
  40  3:27  Probe  
  40  3:29  Probe  
  41  3:39  Probe  
  42  3:41  Probe  
  42  3:47  Oracle (Chrono Boost)  
  41  3:49  Pylon  
  41  3:51  Probe  
  41  3:53  Probe  
  46  3:57  Twilight Council  
  46  4:07  Probe x2  
  48  4:10  Pylon  
  48  4:19  Probe x2  
  48  4:21  Gateway  
  48  4:23  Gateway  
  50  4:27  Resonating Glaives (Chrono Boost)  
  50  4:28  Nexus  
  50  4:33  Adept  
  50  4:36  Probe  
  53  4:40  Probe  
  53  4:44  Pylon  
  54  4:53  Probe  
  54  4:55  Adept x2  
  54  4:57  Pylon  
  59  5:01  Probe  
  60  5:20  Adept x3  
  60  5:21  Adept  
  68  5:25  Probe  
  68  5:26  Probe  
  70  5:38  Probe  
  70  5:39  Probe  
  70  5:42  Adept x4  
  76  5:46  Gateway, Probe  
  77  5:50  Probe, Void Ray  
  77  5:53  Probe  
  77  5:54  Shield Battery  
  77  5:56  Pylon  
  68  6:03  Adept x4  
  74  6:08  Probe  
  74  6:10  Gateway  
  69  6:27  Stalker  
  69  6:28  Zealot x3  
  69  6:29  Probe  
  72  6:38  Probe  
  61  6:40  Probe  
  61  6:42  Zealot, Probe  
  61  6:44  Zealot  
  65  6:49  Gateway  
  65  6:50  Probe  
  65  6:51  Gateway  
  65  6:52  Probe, Assimilator  
  65  6:53  Assimilator  
  61  6:55  Probe  
  61  6:56  Zealot x3  
  61  6:58  Zealot  
  66  7:02  Probe  
  66  7:04  Probe  
  66  7:05  Adept  
  66  7:07  Probe  
  61  7:09  Adept  
  61  7:12  Assimilator  
  61  7:14  Probe  
  58  7:17  Adept x3  
  58  7:22  Adept  
  64  7:28  Adept  
  64  7:32  Zealot x3  
  70  7:40  Probe  
  67  7:44  Stalker x2  
  67  7:46  Probe  
  67  7:47  Probe  
  71  7:52  Probe  
  71  7:58  Probe  
  73  7:59  Probe, Stalker  
  73  8:00  Stalker  
  73  8:04  Forge, Probe  
  79  8:10  Probe  
  80  8:14  Probe  
  80  8:15  Pylon  
  80  8:16  Probe  
  82  8:22  Gateway  
  82  8:23  Adept x2  
  82  8:25  Gateway  
  86  8:27  Blink (Chrono Boost)  
  86  8:30  Pylon  
  86  8:32  Probe  
  87  8:34  Probe x2  
  89  8:45  Nexus  
  89  8:46  Pylon  
  89  8:47  Probe  
  90  8:54  Probe  
  87  8:59  Stalker x3  
  87  9:00  Stalker  
  92  9:06  Protoss Ground Weapons Level 1 (Chrono Boost)  
  92  9:13  Adept x4  
  92  9:15  Probe  
  92  9:16  Probe  
  99  9:25  Stalker x3  
  105  9:32  Probe  
  105  9:33  Probe  
  105  9:35  Dark Shrine  
  105  9:37  Probe  
  108  9:45  Probe  
  97  9:55  Adept x8  
  97  9:57  Probe x3  
  115  10:18  Robotics Facility  
  115  10:19  Robotics Facility  
  114  10:23  Stalker  
  114  10:24  Assimilator, Stalker x4  
  114  10:27  Assimilator  
  124  10:32  Probe  
  125  10:39  Probe  
  126  10:43  Stalker  
  126  10:44  Stalker x2  
  128  10:53  Probe  
  128  10:55  Stalker x2  
  131  11:00  Pylon  
  131  11:01  Pylon  
  131  11:03  Pylon  
  119  11:10  Dark Templar x5  
  107  11:21  Stalker  
  107  11:22  Stalker x3  
  107  11:25  Photon Cannon  
  115  11:26  Photon Cannon  
  115  11:27  Probe  
  115  11:28  Shield Battery x2  
  116  11:36  Probe  
  115  11:41  Probe  
  112  11:48  Robotics Bay  
  112  11:49  Protoss Ground Weapons Level 2 (Chrono Boost)  
  112  11:52  Stalker x4  
  112  11:53  Stalker x2  
  122  11:57  Photon Cannon  
  122  11:58  Photon Cannon, Assimilator  
  122  11:59  Shield Battery  
  122  12:00  Shield Battery  
  122  12:09  Pylon  
  122  12:11  Observer (Chrono Boost)  
  122  12:12  Observer (Chrono Boost)  
  124  12:27  Charge (Chrono Boost)  
  118  12:31  Zealot x9  
  139  12:38  Disruptor (Chrono Boost), Nexus  
  142  12:47  Probe  
  142  12:48  Disruptor (Chrono Boost), Templar Archives  
  143  12:53  Probe x2  
  143  12:55  Pylon  
  143  12:56  Probe  
  143  12:58  Assimilator  
  146  13:02  Disruptor (Chrono Boost)  
  146  13:03  Assimilator  
  149  13:10  Disruptor  
  152  13:23  Zealot x9  
  152  13:24  Zealot  
  172  13:43  Disruptor  
  172  13:46  Disruptor  
  171  13:53  Fleet Beacon  
  171  13:54  Pylon  
  165  13:56  Pylon  
  165  13:59  Zealot x4  
  165  14:00  Zealot x2  
  140  14:17  Dark Templar x4  
  132  14:19  Disruptor  
  132  14:22  Disruptor  
  140  14:26  Probe  
  128  14:48  Stalker x2  
  128  14:49  Stalker x7  
  146  14:55  Disruptor (Chrono Boost)  
  146  14:57  Disruptor (Chrono Boost)  
  146  14:58  Mothership (Chrono Boost)  
  159  15:09  Tempest  
  164  15:23  Zealot x4  
  164  15:26  Pylon  
  164  15:27  Pylon  
  172  15:31  Pylon  
  172  15:33  Pylon  
  172  15:40  Observer (Chrono Boost)  
  171  15:52  Tempest  
  171  15:54  Protoss Ground Weapons Level 3 (Chrono Boost)  
  176  16:01  Stargate  
  176  16:03  Stargate  
  176  16:13  High Templar x3  
  172  16:33  Observer x2  
  174  16:40  Tempest (Chrono Boost), Protoss Air Weapons Level 1  
  178  16:57  High Templar x2  
  178  16:58  High Templar x2  
  178  16:59  Nexus  
  186  17:02  Pylon  
  186  17:07  Pylon  
  180  17:10  Archon  
  180  17:11  Archon, Tempest (Chrono Boost)  
  179  17:30  Mothership  
  173  17:39  Zealot x9  
  173  17:40  Zealot  
  162  17:51  Tempest  
  162  17:52  Disruptor  
  170  18:00  Photon Cannon  
  170  18:01  Zealot x4  
  170  18:02  Zealot x6, Photon Cannon  
  170  18:03  Photon Cannon  
  170  18:05  Shield Battery  
  190  18:06  Shield Battery  
  190  18:08  Assimilator  
  190  18:23  Shield Battery, Photon Cannon x2  
  190  18:24  Shield Battery, Assimilator  
  190  18:30  Dark Templar x2, Photon Cannon  
  194  18:41  Zealot x5  
  185  19:00  Disruptor  
  185  19:01  Disruptor  
  191  19:03  Pylon  
  161  19:23  Zealot x5  
  161  19:24  Zealot x5  
  165  19:36  Disruptor  
  162  19:39  Tempest  
  149  20:01  Stalker x2  
  149  20:02  Stalker x6  
  149  20:06  Probe  
Tags
 
Add a new tag
Caveats
  • Supply blocks, unpowered buildings, or Contaminate may cause inaccurate times.
  • Supply counts are checked every 10 seconds.